Map: Apotheosis LE

Players

llllIIIlllII

  • Race: Zerg Zerg
  • League: Master

SortOf - Winner!

  • Race: Zerg Zerg
  • League: Master

VOD

Have the link to the VOD?

Description

Time

  • Played on: Oct. 26, 2016, 6:24 a.m.
  • Length: 10:02
Show
View Real Time Build Order
Export as new Build Order

llllIIIlllII Zerg 

Build Orders: Pool First 

Get SALT Encoding   

  12  0:00  Drone  
  13  0:08  Drone  
  14  0:17  Overlord  
  14  0:21  Extractor  
  14  0:23  Drone  
  15  0:35  Drone x2  
  17  0:44  Drone  
  18  0:51  Spawning Pool  
  17  1:09  Unknown, Hatchery  
  17  1:11  Drone  
  17  1:14  Drone  
  18  1:24  Extractor  
  17  1:38  Queen, Zergling x4  
  17  1:39  Zergling x2  
  22  1:49  Overlord  
  22  2:07  Drone  
  23  2:11  Drone  
  23  2:13  Queen  
  26  2:20  Unknown  
  26  2:23  Drone x2  
  26  2:25  Queen  
  30  2:31  Drone  
  30  2:34  Drone  
  32  2:43  Drone x2  
  34  2:45  Drone x2  
  36  2:59  Overlord  
  36  3:03  Roach Warren  
  36  3:04  Metabolic Boost  
  33  3:08  Drone x2  
  33  3:12  Drone  
  35  3:14  Overlord  
  35  3:19  Spine Crawler  
  34  3:22  Zergling x4  
  36  3:43  Roach  
  36  3:44  Roach x5  
  48  3:53  Roach  
  50  3:56  Overlord  
  50  4:00  Roach, Overlord x2  
  52  4:14  Zergling x10  
  52  4:15  Zergling x2  
  52  4:16  Zergling x2  
  59  4:21  Zergling x2  
  60  4:25  Zergling x2  
  61  4:32  Zergling x6  
  61  4:33  Zergling x2  
  61  4:36  Zergling x4  
  61  4:37  Zergling x2  
  68  4:39  Zergling x2  
  69  4:48  Zergling x2  
  69  4:49  Zergling x2  
  70  4:53  Ravager  
  70  4:55  Zergling x2  
  70  4:56  Ravager  
  73  5:00  Zergling x2  
  73  5:01  Zergling x4  
  73  5:05  Overlord  
  76  5:23  Overlord  
  76  5:24  Zergling x4  
  76  5:25  Zergling x4  
  79  5:31  Zergling x4  
  79  5:32  Zergling x4  
  83  5:41  Roach  
  82  5:44  Unknown, Hatchery  
  79  5:52  Roach  
  79  5:53  Roach  
  65  6:01  Roach x2  
  49  6:17  Roach x3  
  54  6:19  Roach  
  54  6:31  Roach  
  55  6:33  Zergling x2  
  56  6:41  Zergling x2  
  56  6:42  Zergling x14  
  64  6:52  Zergling x2  
  64  6:53  Zergling x2  
  66  6:55  Unknown  
  66  6:58  Queen  
  68  7:01  Drone  
  68  7:06  Evolution Chamber, Drone x2  
  68  7:07  Drone x3  
  68  7:08  Drone x2  
  73  7:09  Drone x2  
  76  7:17  Drone x2  
  76  7:18  Drone  
  79  7:25  Drone x2  
  79  7:28  Drone  
  82  7:34  Queen  
  84  7:38  Zerg Missile Weapons Level 1  
  84  7:41  Lair  
  84  7:42  Drone  
  84  7:43  Drone x7  
  92  7:45  Extractor, Drone  
  92  7:47  Extractor  
  92  7:49  Drone  
  92  7:50  Extractor  
  91  7:54  Extractor, Drone  
  91  7:56  Drone  
  91  7:57  Spore Crawler  
  91  7:58  Spore Crawler  
  90  8:03  Spore Crawler  
  90  8:04  Spore Crawler  
  88  8:05  Spore Crawler  
  88  8:08  Spore Crawler, Overlord x2  
  88  8:09  Overlord  
  88  8:10  Overlord  
  86  8:27  Spore Crawler  
  86  8:28  Drone x4  
  86  8:34  Overlord  
  89  8:36  Overlord x2  
  89  8:40  Extractor  
  88  8:44  Overlord x2  
  88  8:45  Drone  
  88  8:46  Overlord  
  88  8:47  Drone  
  89  8:54  Drone  
  89  8:55  Drone x9  
  79  9:03  Drone  
  79  9:04  Drone x4  
  79  9:05  Drone  
  79  9:07  Drone  
  84  9:10  Drone  
  84  9:14  Drone  
  84  9:16  Drone x2  
  88  9:17  Drone  
  88  9:21  Drone x3  
Show
View Real Time Build Order
Export as new Build Order

SortOf Zerg - Winner!

Build Orders: Hatch First 

Get SALT Encoding   

  12  0:01  Drone  
  13  0:13  Overlord  
  13  0:17  Drone  
  14  0:32  Drone x2  
  16  0:37  Drone  
  17  0:52  Unknown, Hatchery  
  17  0:56  Drone  
  17  1:01  Drone  
  18  1:08  Extractor, Drone  
  18  1:18  Overlord  
  18  1:30  Drone  
  19  1:40  Drone  
  20  1:51  Drone  
  20  1:52  Spawning Pool  
  20  2:04  Unknown  
  20  2:05  Drone  
  20  2:06  Unknown, Hatchery, Drone  
  21  2:13  Drone  
  22  2:19  Drone  
  23  2:24  Drone  
  23  2:27  Drone  
  25  2:39  Queen x2  
  25  2:40  Zergling x2  
  25  2:41  Baneling Nest, Zergling x2  
  30  2:44  Zergling x2  
  32  2:52  Zergling x2  
  32  2:55  Drone  
  32  2:58  Drone  
  33  3:06  Drone  
  33  3:10  Drone  
  34  3:14  Metabolic Boost  
  34  3:16  Drone  
  34  3:18  Unknown  
  35  3:20  Evolution Chamber  
  35  3:21  Drone x2  
  36  3:28  Queen  
  36  3:33  Overlord  
  38  3:36  Drone  
  38  3:38  Drone  
  38  3:40  Drone  
  41  3:44  Overlord  
  41  3:47  Zerg Melee Weapons Level 1  
  41  3:53  Drone x3  
  45  3:55  Drone  
  45  3:56  Drone  
  45  4:00  Drone x2  
  48  4:05  Drone  
  48  4:08  Roach Warren  
  48  4:11  Zergling x6  
  48  4:13  Zergling x2  
  48  4:15  Overlord  
  52  4:18  Zergling x2  
  52  4:21  Zergling x6  
  52  4:23  Zergling x2  
  57  4:26  Overlord  
  57  4:30  Spine Crawler  
  56  4:32  Zergling x2  
  56  4:34  Overlord  
  56  4:35  Zergling x4  
  56  4:36  Zergling x2  
  56  4:37  Zergling x2  
  61  4:40  Overlord  
  56  4:53  Zergling x18  
  56  4:57  Roach  
  67  5:00  Roach x3  
  73  5:08  Lair, Overlord  
  73  5:13  Zergling x2  
  74  5:15  Roach x2, Zergling x4  
  79  5:23  Zergling x4  
  79  5:26  Overlord  
  79  5:27  Zergling x6  
  84  5:30  Zergling x6  
  87  5:37  Zergling x4  
  87  5:40  Zergling x2  
  88  5:44  Zergling x4  
  84  5:52  Zergling x2  
  73  5:59  Zergling x12  
  73  6:00  Zergling x4  
  71  6:06  Extractor  
  71  6:08  Spire  
  71  6:10  Zergling x2  
  70  6:11  Drone  
  70  6:12  Drone x3  
  70  6:17  Drone x2  
  75  6:18  Extractor, Drone  
  75  6:20  Extractor x2  
  73  6:29  Drone x2  
  73  6:30  Drone  
  73  6:32  Drone x2  
  74  6:33  Drone  
  75  6:44  Drone x2  
  77  6:48  Unknown, Overlord, Hatchery  
  77  6:53  Drone x3  
  77  6:54  Drone x2  
  81  6:55  Overlord  
  81  6:57  Overlord  
  81  7:05  Overlord  
  81  7:09  Unknown, Hatchery  
  80  7:16  Drone x3  
  80  7:17  Drone x2  
  80  7:19  Extractor  
  80  7:20  Zerg Flyer Weapons Level 1  
  80  7:21  Mutalisk  
  80  7:22  Mutalisk x4  
  94  7:31  Mutalisk  
  94  7:36  Mutalisk, Overlord  
  96  7:38  Zergling x12  
  96  7:44  Drone  
  105  7:48  Mutalisk x2  
  109  7:53  Overlord  
  109  7:54  Drone x2  
  109  7:58  Mutalisk  
  111  7:59  Unknown  
  111  8:00  Drone x3  
  116  8:06  Drone x3  
  119  8:17  Baneling Nest, Mutalisk  
  119  8:19  Mutalisk  
  122  8:20  Unknown  
  122  8:27  Overseer, Overlord  
  122  8:29  Mutalisk  
  122  8:31  Zergling x4  
  122  8:32  Zergling x20  
  135  8:51  Ravager x3  
  135  8:52  Ravager, Zergling x10  
  135  8:53  Zergling x20  
  147  9:05  Mutalisk  
  147  9:06  Mutalisk x2  
  147  9:07  Overlord  
  148  9:14  Zergling x2  
  148  9:15  Zergling x20  
  159  9:17  Extractor  
  159  9:20  Infestation Pit  
  159  9:22  Mutalisk  
  159  9:31  Mutalisk x2  
  159  9:39  Zergling x2  
  159  9:40  Zergling x26  
Tags
 
Add a new tag
Caveats
  • Supply blocks, unpowered buildings, or Contaminate may cause inaccurate times.
  • Supply counts are checked every 10 seconds.